Map: 필러스 오브 골드 - 래더

Players

Lambo - Winner!

  • Race: Zerg Zerg
  • Spawn Location: 1:00

Bunny

  • Race: Terran Terran
  • Spawn Location: 7:00

Event: StayAtHomestory Cup #2

VOD

Have the link to the VOD?

Description

Time

  • Played on: June 11, 2020, 6:37 a.m.
  • Length: 18:31

All games in this series

Show
View Real Time Build Order
Export as new Build Order

Lambo Zerg - Winner!

Build Orders: Pool First 

Get SALT Encoding   

  12  0:00  Drone  
  13  0:12  Overlord  
  13  0:18  Drone  
  14  0:31  Drone x2  
  14  0:35  Drone  
  17  0:45  Spawning Pool  
  17  0:49  Drone  
  17  0:56  Drone  
  18  1:13  Hatchery  
  18  1:15  Extractor  
  18  1:18  Drone  
  17  1:24  Drone  
  18  1:31  Queen  
  20  1:34  Zergling x2  
  21  1:46  Overlord  
  21  1:52  Drone  
  22  2:05  Drone  
  22  2:07  Queen  
  25  2:14  Drone  
  26  2:22  Hatchery  
  25  2:29  Metabolic Boost  
  25  2:35  Drone x2  
  27  2:38  Drone  
  27  2:41  Drone  
  27  2:42  Drone  
  30  2:45  Drone  
  30  2:49  Drone  
  32  2:54  Overlord  
  32  3:01  Queen  
  32  3:04  Drone  
  35  3:10  Drone  
  36  3:14  Drone x3  
  36  3:18  Drone x2  
  41  3:20  Overlord  
  41  3:23  Drone  
  42  3:36  Overlord  
  42  3:37  Queen  
  42  3:39  Queen  
  42  3:40  Drone  
  47  3:47  Zergling x8  
  51  3:49  Zergling x2  
  52  3:58  Drone x2, Extractor  
  52  4:02  Drone x2  
  55  4:03  Drone  
  55  4:05  Drone  
  56  4:11  Baneling Nest  
  55  4:17  Zergling x12  
  55  4:20  Zergling x2  
  55  4:21  Zergling x4  
  64  4:28  Overlord x2  
  64  4:34  Overlord  
  64  4:38  Zergling x2  
  64  4:39  Overlord  
  64  4:42  Overlord  
  65  4:47  Zergling x6  
  65  4:49  Zergling x2  
  65  4:51  Zergling x2  
  65  4:52  Zergling x6  
  73  4:54  Zergling x4  
  73  4:55  Zergling x2  
  76  5:00  Baneling x6  
  76  5:01  Baneling x2  
  76  5:02  Baneling  
  76  5:04  Baneling x3  
  76  5:05  Baneling  
  76  5:06  Baneling  
  76  5:10  Baneling  
  76  5:11  Zergling x6  
  79  5:16  Zergling x6  
  79  5:18  Baneling x2  
  79  5:19  Zergling x2  
  83  5:24  Zergling x6  
  86  5:31  Zergling x10  
  86  5:38  Zergling x8  
  86  5:41  Zergling x2  
  84  5:43  Baneling x4  
  84  5:44  Baneling  
  84  5:45  Zergling x2  
  84  5:48  Zergling x2  
  84  5:49  Zergling x2  
  87  5:51  Baneling x2  
  87  5:54  Drone x3  
  90  5:58  Baneling  
  90  5:59  Drone x2  
  90  6:03  Drone  
  89  6:12  Zergling x4  
  89  6:15  Zergling x4  
  75  6:21  Zergling x18  
  75  6:24  Drone  
  77  6:29  Drone  
  77  6:32  Drone  
  76  6:34  Evolution Chamber  
  76  6:35  Evolution Chamber, Drone  
  76  6:39  Drone  
  74  6:40  Drone  
  74  6:43  Lair  
  74  6:45  Drone x3  
  76  6:47  Drone  
  76  6:48  Drone x4  
  76  6:49  Drone  
  76  6:51  Drone  
  83  6:54  Drone  
  83  6:57  Drone  
  83  6:58  Extractor  
  83  7:01  Drone  
  85  7:05  Drone  
  85  7:08  Extractor  
  85  7:09  Queen  
  85  7:10  Overlord  
  85  7:13  Drone  
  88  7:18  Hatchery, Zerg Melee Weapons Level 1, Zerg Ground Armor Level 1  
  88  7:21  Drone x2  
  89  7:23  Zergling x8  
  89  7:26  Zergling x2  
  89  7:27  Zergling x4  
  89  7:28  Baneling x3  
  96  7:34  Zergling x8  
  100  7:45  Drone x9  
  109  7:54  Zergling x2  
  110  8:02  Zergling x8  
  110  8:03  Baneling x3  
  110  8:04  Overlord, Overseer, Baneling  
  110  8:05  Centrifical Hooks  
  114  8:10  Overlord  
  114  8:13  Overlord x2  
  114  8:15  Overlord  
  114  8:19  Overlord  
  114  8:22  Drone x2  
  114  8:23  Hatchery, Drone x2  
  117  8:28  Zergling x6  
  117  8:32  Baneling x8  
  117  8:33  Zergling x6  
  123  8:37  Overlord  
  123  8:38  Pneumatized Carapace, Overseer  
  123  8:40  Queen  
  126  8:48  Zergling x16  
  126  8:50  Overlord  
  126  8:51  Zergling x2  
  126  8:54  Zergling x4  
  126  8:55  Zergling x2  
  133  8:57  Zergling x2  
  132  9:03  Zergling x4  
  134  9:13  Spawning Pool  
  134  9:14  Drone x7  
  130  9:20  Zerg Ground Armor Level 2, Zerg Melee Weapons Level 2  
  128  9:29  Hatchery  
  128  9:30  Infestation Pit  
  120  9:41  Overlord  
  120  9:48  Hatchery  
  119  9:58  Drone  
  119  10:00  Zergling x4  
  119  10:01  Hatchery, Baneling x11  
  119  10:02  Zergling x40  
  138  10:10  Zergling x12  
  141  10:15  Zergling x4  
  141  10:20  Zergling x10  
  146  10:21  Hatchery  
  143  10:28  Zergling x2  
  143  10:29  Zergling x10  
  143  10:33  Zergling x6  
  143  10:35  Baneling x10  
  146  10:40  Zergling x10  
  151  10:44  Zergling x6  
  151  10:45  Baneling  
  151  10:49  Baneling x7  
  154  10:50  Zergling x2  
  155  10:58  Zergling x2  
  155  10:59  Zergling x14  
  143  11:06  Zergling x14  
  148  11:11  Zergling x2  
  148  11:17  Zergling x6  
  140  11:21  Zergling x2  
  130  11:26  Zergling x10  
  130  11:30  Baneling x4  
  122  11:34  Zergling x2  
  122  11:35  Zergling x12  
  122  11:38  Zergling x2  
  130  11:41  Zergling x2  
  129  11:48  Hatchery  
  129  11:53  Zergling x8  
  132  12:01  Zergling x8  
  132  12:06  Hatchery  
  119  12:11  Zergling x6  
  114  12:15  Baneling  
  114  12:16  Baneling x6  
  114  12:17  Zergling x2  
  114  12:19  Zergling x2  
  108  12:31  Zergling x2  
  108  12:32  Zergling x6  
  108  12:36  Zergling x2  
  110  12:44  Zergling x6  
  112  12:53  Zergling x2  
  112  12:54  Zergling x2  
  112  12:56  Baneling x6  
  112  12:57  Baneling x8  
  107  13:00  Zergling x2  
  107  13:01  Zergling x2  
  107  13:02  Baneling x2  
  107  13:05  Zergling x4  
  110  13:08  Zergling x2  
  111  13:15  Zergling x6  
  111  13:18  Zergling x2  
  114  13:24  Zergling x6  
  117  13:31  Zergling x2  
  118  13:36  Zergling x6  
  118  13:39  Zergling x2  
  116  13:44  Drone x7  
  123  13:49  Zergling x6  
  123  13:57  Zergling x6  
  123  13:59  Zergling x2  
  123  14:00  Zergling x2  
  98  14:10  Zergling x14  
  98  14:14  Zergling x6  
  98  14:16  Baneling x9  
  101  14:18  Zergling x12  
  97  14:28  Zergling x8  
  93  14:36  Zergling x8  
  86  14:38  Zergling x2  
  86  14:40  Zergling x8  
  80  14:50  Zergling x14  
  86  14:56  Hive  
  86  15:00  Drone x2  
  86  15:01  Drone x3  
  86  15:02  Drone x3  
  86  15:03  Zergling x8  
  98  15:07  Drone x3  
  98  15:12  Zergling x4  
  98  15:16  Zergling x6  
  98  15:21  Zergling x6  
  100  15:23  Baneling  
  100  15:24  Baneling x2  
  100  15:25  Drone  
  100  15:27  Zergling x2  
  100  15:28  Zergling x2  
  103  15:29  Overseer  
  103  15:30  Drone  
  104  15:36  Drone x5  
  104  15:40  Zergling x8  
  107  15:50  Zergling x18  
  107  15:53  Zergling x4  
  118  15:59  Zergling x12  
  118  16:00  Zergling x2  
  124  16:05  Zergling x4  
  124  16:06  Zergling x2  
  126  16:12  Overlord  
  126  16:15  Adrenal Glands  
  126  16:18  Baneling x2  
  126  16:21  Zergling x2  
  126  16:22  Zergling x6  
  126  16:23  Baneling x6  
  130  16:30  Zergling x12  
  124  16:33  Baneling x7  
  124  16:38  Zergling x10  
  129  16:46  Zergling x2  
  129  16:47  Zergling x16  
  128  16:54  Zergling x16  
  133  17:07  Drone  
  133  17:08  Drone x3  
  137  17:16  Zergling x26  
  137  17:17  Baneling x2  
  147  17:24  Zergling x12  
  153  17:31  Zergling x12  
  158  17:38  Zergling x10  
  158  17:42  Zergling x6  
  140  17:55  Zergling x16  
  140  17:56  Zergling x2  
  147  18:02  Zergling x2  
  147  18:03  Zergling x6  
  151  18:09  Zergling x10  
  149  18:15  Baneling  
  149  18:16  Baneling x5  
Show
View Real Time Build Order
Export as new Build Order

Bunny Terran 

Build Orders: Command Center First (CC) 

Get SALT Encoding   

  12  0:01  SCV  
  13  0:13  SCV  
  14  0:18  Supply Depot  
  14  0:25  SCV  
  15  0:40  SCV  
  16  0:52  SCV  
  17  1:01  Command Center  
  17  1:04  SCV  
  18  1:15  Barracks  
  18  1:18  SCV  
  19  1:25  Refinery  
  19  1:30  SCV  
  20  1:43  SCV  
  21  1:55  SCV  
  22  2:03  Marine  
  22  2:08  Orbital Command  
  23  2:13  Orbital Command  
  23  2:21  Marine  
  24  2:27  Factory  
  24  2:33  SCV  
  25  2:39  SCV  
  25  2:45  SCV  
  25  2:49  Barracks Reactor  
  26  2:52  SCV  
  26  2:53  Command Center  
  26  2:57  SCV  
  28  3:02  Supply Depot  
  28  3:04  SCV  
  29  3:09  SCV  
  29  3:11  Refinery  
  30  3:16  SCV  
  31  3:22  SCV  
  32  3:29  SCV  
  32  3:30  Hellion x2  
  37  3:34  SCV, Barracks Tech Lab  
  37  3:41  SCV  
  39  3:44  Engineering Bay x2  
  39  3:46  SCV  
  40  3:53  SCV  
  40  3:55  Stimpack, Marine  
  42  3:59  SCV  
  42  4:01  Barracks  
  43  4:03  Factory Reactor, Barracks  
  43  4:05  SCV  
  43  4:09  Orbital Command  
  44  4:11  SCV  
  44  4:12  Terran Infantry Armor Level 1  
  45  4:17  SCV  
  45  4:18  Refinery  
  45  4:21  Terran Infantry Weapons Level 1  
  45  4:22  Refinery  
  46  4:24  SCV  
  46  4:27  Marine  
  46  4:29  SCV  
  49  4:35  SCV, Supply Depot  
  49  4:36  SCV  
  51  4:41  SCV  
  51  4:45  Starport, Marine  
  52  4:48  Factory Reactor  
  52  4:49  SCV, Marine x2  
  52  4:50  SCV  
  57  4:53  SCV  
  58  5:01  Barracks  
  58  5:02  Barracks  
  58  5:03  Marine x3  
  58  5:06  SCV  
  58  5:07  Marine x2  
  62  5:09  Orbital Command  
  62  5:11  Supply Depot  
  62  5:12  Supply Depot  
  64  5:15  Supply Depot  
  64  5:16  SCV  
  64  5:18  SCV  
  66  5:22  Supply Depot  
  66  5:31  Marine x2  
  66  5:32  Marine x2  
  68  5:42  Marine  
  49  5:45  Widow Mine  
  49  5:46  Medivac  
  49  5:48  Medivac  
  49  5:49  Marine x2  
  56  5:55  Supply Depot  
  56  5:57  Supply Depot  
  56  5:58  Supply Depot  
  55  6:17  Marine  
  45  6:18  Marine x2  
  45  6:19  Orbital Command  
  45  6:20  Marine  
  45  6:21  Marine x2  
  40  6:35  Marine  
  40  6:36  Marine  
  42  6:40  SCV  
  42  6:41  SCV  
  42  6:44  SCV  
  45  6:50  Combat Shield  
  45  7:03  Supply Depot  
  45  7:08  Supply Depot  
  45  7:16  Factory Reactor  
  45  7:24  Marine x6  
  45  7:25  SCV x2  
  53  7:30  SCV, Medivac  
  53  7:32  Supply Depot x2  
  56  7:37  SCV x2, Medivac  
  56  7:42  Marine  
  61  7:45  Barracks Reactor x3  
  61  7:50  Marine x2  
  61  7:53  SCV x2  
  61  7:57  Supply Depot  
  63  7:59  Supply Depot  
  63  8:00  Armory, Widow Mine  
  63  8:01  Widow Mine  
  63  8:05  SCV x3  
  70  8:12  Marine x3  
  73  8:16  Medivac x2  
  77  8:21  SCV x3  
  77  8:25  Widow Mine x2  
  84  8:28  Marine x2  
  84  8:29  Marine x2  
  84  8:33  SCV x3  
  91  8:42  Supply Depot  
  91  8:44  Marine x2  
  93  8:49  Terran Infantry Weapons Level 2  
  93  8:50  Terran Infantry Armor Level 2  
  93  9:04  SCV x3, Marine x2  
  93  9:08  Widow Mine  
  100  9:13  Widow Mine  
  100  9:15  Marine x5  
  101  9:20  Marine x2  
  101  9:22  SCV x3  
  101  9:24  Supply Depot  
  106  9:25  Supply Depot  
  106  9:35  Factory  
  104  9:39  SCV x3  
  104  9:41  Medivac  
  104  9:45  Medivac  
  110  9:50  Marine  
  110  9:51  SCV x3, Marine x3  
  117  9:56  Widow Mine x2  
  118  10:10  Supply Depot x2  
  118  10:11  Supply Depot  
  116  10:15  SCV x3  
  116  10:18  Factory Tech Lab  
  116  10:19  Widow Mine  
  116  10:20  Widow Mine  
  123  10:26  Marine x2  
  125  10:30  Marine x2  
  119  10:37  Drilling Claws  
  119  10:40  Supply Depot  
  121  10:43  Widow Mine  
  121  10:48  Command Center  
  120  10:50  Marine x5  
  120  10:53  Marine x2  
  122  11:04  Marine  
  122  11:05  Marine  
  122  11:08  Marine x4  
  109  11:13  Marine x3  
  94  11:20  Orbital Command  
  94  11:22  Marine  
  94  11:23  Marine  
  89  11:26  Marine x4  
  89  11:30  Marine  
  89  11:31  Marine x2  
  77  11:40  Marine x2  
  74  11:47  Marine x2  
  74  11:48  Marine x3  
  74  11:49  Marine  
  80  11:56  SCV  
  80  11:57  SCV  
  80  11:58  Marine x3  
  86  12:03  Widow Mine  
  86  12:05  Marine  
  86  12:07  Orbital Command  
  88  12:09  Widow Mine x2  
  81  12:24  Widow Mine  
  81  12:28  Marine x4  
  82  12:31  Widow Mine x2  
  82  12:36  SCV  
  82  12:37  SCV x2  
  76  12:38  Medivac x2  
  80  12:45  Widow Mine  
  82  12:52  Widow Mine x2  
  73  12:58  Marine  
  73  12:59  Marine x8  
  82  13:07  Widow Mine  
  82  13:08  Medivac x2  
  82  13:11  SCV x3  
  91  13:13  Widow Mine  
  91  13:14  Widow Mine  
  91  13:16  Marine  
  91  13:17  Marine x4  
  91  13:18  Marine x4  
  100  13:25  Supply Depot  
  100  13:34  Terran Infantry Weapons Level 3, Marine x3  
  97  13:44  Terran Infantry Armor Level 3  
  97  13:46  Marine  
  97  13:47  Marine x3  
  88  14:06  Supply Depot  
  88  14:10  Orbital Command  
  75  14:26  Marine x8  
  63  14:49  Marine x5  
  62  15:17  Widow Mine x3  
  62  15:21  Marine x4  
  66  15:26  SCV x2  
  69  15:34  Marine  
  70  15:38  Widow Mine x2  
  72  15:47  Widow Mine  
  71  16:00  SCV x2  
  71  16:01  Marine  
  71  16:02  Marine x5, Liberator  
  71  16:03  Liberator  
  86  16:15  Widow Mine  
  88  16:21  Marine x7, Widow Mine  
  88  16:25  Refinery  
  95  16:32  Widow Mine  
  93  16:37  Widow Mine  
  93  16:39  Supply Depot  
  95  16:40  Supply Depot  
  81  17:01  Medivac  
  83  17:09  SCV x2  
  83  17:11  Refinery  
  85  17:17  Marine  
  85  17:18  Marine x2  
  85  17:24  Marine  
  85  17:27  Orbital Command  
  64  17:51  Marine x2  
Tags
 
Add a new tag
Caveats
  • Supply blocks, unpowered buildings, or Contaminate may cause inaccurate times.
  • Supply counts are checked every 10 seconds.